 Dungeon Crawl Stone Soup version 0.32-a0-799-g95e1662365 (webtiles) character file.

Game seed: 16793246888814075830

897 smashvw the Skirmisher (level 7, -1/55 (61) HPs)
             Began as a Minotaur Hunter on Mar 22, 2024.
             Was a Follower of Fedhas.
             Slain by Blork the orc
             ... wielding a +3 halberd of protection
              (8 damage)
             ... on level 5 of the Dungeon.
             The game lasted 00:09:46 (4632 turns).

smashvw the Skirmisher (Minotaur Hunter)            Turns: 4632, Time: 00:09:46

HP:   -1/55 (61)    AC:  6    Str: 15    XL:     7   Next: 79%
MP:   6/6           EV: 11    Int:  6    God:    Fedhas [*.....]
Gold: 238           SH:  0    Dex: 16    Spells: 6/6 levels left

rFire   . . .        a - +0 shortbow
rCold   . . .        (shield currently unavailable)
rNeg    . . .        u - +2 robe {Will+}
rPois   .            (helmet restricted)
rElec   .            (no cloak)
rCorr   .            c - +0 pair of gloves
SInv    .            o - +0 pair of boots
Will    +....        (no amulet)
Stlth   ++           (no ring)
HPRegen 0.29/turn    (no ring)
MPRegen 0.10/turn

%: no passive effects
@: drained
A: horns 2, retaliatory headbutt
a: Renounce Religion


You were on level 5 of the Dungeon.
You worshipped Fedhas.
Fedhas was aware of your devotion.
You visited 2 branches of the dungeon, and saw 6 of its levels.

You collected 238 gold pieces.

Inventory:

Hand Weapons
 a - a +0 shortbow (weapon)
 g - a +0 dagger of draining
Armour
 c - a +0 pair of gloves (worn)
 n - a +2 leather armour of poison resistance
 o - a +0 pair of boots (worn)
 u - a +2 robe of willpower (worn)
Jewellery
 v - a ring of magical power
Wands
 r - a wand of polymorph (1)
 t - a wand of paralysis (6)
Scrolls
 b - a scroll of butterflies
 d - a scroll of immolation {unknown}
 e - a scroll of revelation {unknown}
 i - 2 scrolls of poison
 l - 3 scrolls of identify {unknown}
 m - a scroll of fog {unknown}
 p - 2 scrolls of torment {unknown}
 q - 3 scrolls of teleportation {unknown}
Potions
 f - 2 potions of attraction {unknown}
 h - 2 potions of brilliance {unknown}
 j - a potion of haste {unknown}
 k - a potion of mutation {unknown}
 s - 4 potions of heal wounds
 w - a potion of degeneration {unknown}


   Skills:
 - Level 5.0 Fighting
 + Level 9.2 Ranged Weapons
 - Level 2.1 Dodging
 - Level 3.0 Stealth


You had 6 spell levels left.
You didn't know any spells.
Your spell library contained the following spells:

 Spells                   Type           Power      Damage    Failure   Level
 Summon Small Mammal      Summ           0%         N/A       45%         1
 Blink                    Tloc           0%         N/A       58%         2
 Lesser Beckoning         Tloc           0%         N/A       58%         2
 Momentum Strike          Conj/Tloc      0%         3d8       58%         2
 Call Canine Familiar     Summ           0%         N/A       83%         3
 Summon Blazeheart Golem  Fire/Summ      0%         N/A       99%         4


Dungeon Overview and Level Annotations

Branches:
Dungeon (5/15)             Temple (1/1) D:4

Altars:
Ashenzari
Dithmenos
Elyvilon
Fedhas
Gozag
Kikubaaqudgha
Nemelex Xobeh
Okawaru
Ru
Sif Muna
Trog
Wu Jian
Xom
Yredelemnul
Zin
The Shining One

Annotations:
D:5 Blork the orc


Innate Abilities, Weirdness & Mutations

You have a pair of horns on your head.
You reflexively headbutt those who attack you in melee.


Message History

Press: ? - help, Q - select action, (/) - cycle Shift-Dir - straight line, f/p - Blork the orc
Aim: Blork the orc, wielding a +3 halberd of protection and wearing a +0 robe (severely wounded, fast, 69% to hit)
You shoot an arrow. The arrow barely misses Blork the orc.
Blork the orc screams, "I don't like you!"
Blork the orc completely misses you.
Blork the orc hits you but does no damage.
Fire: a) +0 shortbow
Press: ? - help, Q - select action, (/) - cycle Shift-Dir - straight line, f/p - Blork the orc
Aim: Blork the orc, wielding a +3 halberd of protection and wearing a +0 robe (severely wounded, fast, 69% to hit)
You shoot an arrow. The arrow hits Blork the orc.
Blork the orc is almost dead.
Blork the orc hits you from afar with a +3 halberd of protection!
Fire: a) +0 shortbow
Press: ? - help, Q - select action, (/) - cycle Shift-Dir - straight line, f/p - Blork the orc
Aim: Blork the orc, wielding a +3 halberd of protection and wearing a +0 robe (almost dead, fast, 69% to hit)
You shoot an arrow. The arrow barely misses Blork the orc.
Blork the orc points at you and mumbles some strange words.
The puff of frost hits you.
Fire: a) +0 shortbow
Press: ? - help, Q - select action, (/) - cycle Shift-Dir - straight line, f/p - Blork the orc
Aim: Blork the orc, wielding a +3 halberd of protection and wearing a +0 robe (almost dead, fast, 69% to hit)
You shoot an arrow. The arrow closely misses Blork the orc.
Blork the orc hits you from afar with a +3 halberd of protection!
* * * LOW HITPOINT WARNING * * *
Blork the orc hits you but does no damage.
Fire: a) +0 shortbow
Press: ? - help, Q - select action, (/) - cycle Shift-Dir - straight line, f/p - Blork the orc
Aim: Blork the orc, wielding a +3 halberd of protection and wearing a +0 robe (almost dead, fast, 69% to hit)
You shoot an arrow. The arrow hits Blork the orc.
Blork the orc is almost dead.
Blork the orc hits you from afar with a +3 halberd of protection.
* * * LOW HITPOINT WARNING * * *
Fire: a) +0 shortbow
Press: ? - help, Q - select action, (/) - cycle Shift-Dir - straight line, f/p - Blork the orc
Aim: Blork the orc, wielding a +3 halberd of protection and wearing a +0 robe (almost dead, fast, 69% to hit)
You shoot an arrow. The arrow hits Blork the orc.
Blork the orc is almost dead.
Blork the orc hits you from afar with a +3 halberd of protection!
You die...
Fedhas appreciates your contribution to the ecosystem.

.... #.###..#####
.ß...#.....)......
#..####..#######
#............#
####>..........
#...........
#...........
##..........
#@.........
.................
.....o..........
.........#....#
.......###....#
....... #####
....... .......


You could see Blork the orc (fast).

Vanquished Creatures
  Grinder (D:4)
  Sigmund (D:2)
  Duvessa (D:4)
  A phantom (D:4)
  A scorpion (D:5)
  Dowan (D:4)
  A howler monkey (D:5)
  A bombardier beetle (D:4)
  A hound (D:5)
  An orc wizard (D:4)
  Robin (D:4)
  A gnoll (D:1)
  2 adders
  A white imp (D:3)
  3 ribbon worms
  2 dart slugs
  11 orcs (D:4)
  6 bats
  8 endoplasms
  3 giant cockroaches
  10 goblins
  8 hobgoblins
  2 jackals (D:2)
  2 kobolds
  4 quokkas
  13 ball pythons
  4 frilled lizards
  6 rats
97 creatures vanquished.

Notes
Turn   | Place    | Note
-------+----------+-------------------------------------------
     0 | D:1      | smashvw the Minotaur Hunter began the quest for the Orb.
     0 | D:1      | Reached XP level 1. HP: 18/18 MP: 0/0
    38 | D:1      | Reached skill level 1 in Stealth
   223 | D:1      | Reached XP level 2. HP: 17/25 MP: 1/1
   445 | D:1      | Reached XP level 3. HP: 31/31 MP: 2/2
   807 | D:2      | You fall into a shaft and drop 2 floors!
  1039 | D:2      | Noticed Sigmund
  1055 | D:2      | Killed Sigmund
  1056 | D:2      | Reached skill level 5 in Ranged Weapons
  1056 | D:2      | Reached XP level 4. HP: 14/41 MP: 3/3
  1056 | D:2      | Reached XP level 5. HP: 17/47 MP: 4/4
  1557 | D:2      | Found a shimmering altar of Xom.
  1970 | D:3      | Found a faded altar of an unknown god.
  2261 | D:3      | Found a shadowy altar of Dithmenos.
  2284 | D:3      | Found a sparkling altar of Nemelex Xobeh.
  2946 | D:4      | Noticed Grinder
  2957 | D:4      | Killed Grinder
  2958 | D:4      | Reached skill level 5 in Fighting
  2958 | D:4      | Reached skill level 7 in Ranged Weapons
  2958 | D:4      | Reached XP level 6. HP: 46/56 MP: 5/5
  3071 | D:4      | Found a staircase to the Ecumenical Temple.
  3123 | Temple   | Entered the Ecumenical Temple
  3144 | Temple   | Became a worshipper of Fedhas Madash
  3423 | D:4      | Noticed Duvessa
  3424 | D:4      | Noticed Dowan
  3438 | D:4      | Killed Duvessa
  3439 | D:4      | Reached XP level 7. HP: 44/61 MP: 6/6
  3443 | D:4      | Killed Dowan
  3444 | D:4      | Reached skill level 8 in Ranged Weapons
  3751 | D:4      | Noticed Robin
  3773 | D:4      | Killed Robin
  3980 | D:4      | Reached * piety under Fedhas
  4043 | D:4      | Found a sacrificial altar of Ru.
  4410 | D:5      | Entered Level 5 of the Dungeon
  4461 | D:5      | Found a glowing golden altar of the Shining One.
  4521 | D:5      | Reached skill level 9 in Ranged Weapons
  4616 | D:5      | Noticed Blork the orc
  4632 | D:5      | Slain by Blork the orc

Illustrated notes

Levels and vault maps discovered:
D:1:      minmay_arrival_stair_chambers, layout_basic, minivault_14,
          nicolae_grassy_gnolls
D:2:      layout_basic, basic_altar, nicolae_underground_beach, uniq_sigmund
D:3:      layout_loops_corners, lemuel_round_altar, lemuel_doored_altar,
          nicolae_ecumenical_snake_handling
D:4:      layout_basic, mainiacjoe_overflow_six_doors_small, temple_statues,
          uniq_duvessa, uniq_robin, uniq_grinder
D:5:      layout_basic, makhleb_heckhound_becter, mainiacjoe_overflow_alcove_2,
          serial_shops, nicolae_shop_trees, nicolae_shop_drivethru, shop_statue,
          uniq_blork_the_orc, uniq_ijyb
Temple:   nicolae_temple_godzebo

Skill      XL: |  1  2  3  4  5  6  7 |
---------------+----------------------+-----
Stealth        | 1 3 |  3.0
Fighting       | 3 4 5 |  5.0
Ranged Weapons | 5 7 9 |  9.2
Dodging        | |  2.1

Action                     |  1- 3 |  4- 6 |  7- 9 || total
---------------------------+-------+-------+-------++-------
   Fire: Shortbow          |    91 |   141 |   140 ||   372
    Use: Scroll            |       |     1 |       ||     1
         Potion            |       |       |     1 ||     1
 Armour: Leather armour    |    16 |       |       ||    16
         Robe              |       |    27 |    73 ||   100
  Dodge: Dodged            |    29 |    22 |    40 ||    91

Table legend: (Time is in decaauts)
 A = Elapsed time spent in this place.
 B = Non-inter-level travel time spent in this place.
 C = Inter-level travel time spent in this place.
 D = Time resting spent in this place.
 E = Time spent auto-exploring this place.
 F = Levels seen in this place.
 G = Mean time per level.
                   A        B        C        D        E       F      G
               +--------+--------+--------+--------+--------+-----+--------+
         Total |   4660 |   4434 |    226 |      7 |   3699 |   6 |  776.7 |
       Dungeon |   4617 |   4411 |    206 |      7 |   3699 |   5 |  923.4 |
        Temple |     42 |     22 |     20 |      0 |      0 |   1 |   42.0 |
               +--------+--------+--------+--------+--------+-----+--------+

Top non-repeatable levels by time:
     D:4: 1529 daAuts
     D:2: 1277 daAuts
     D:3: 1036 daAuts
     D:1: 554 daAuts
     D:5: 220 daAuts
  Temple: 42 daAuts
